[Event "Team 45 45 League T71"]
[Site "Internet Chess Club"]
[Date "2016.12.30"]
[Round "3"]
[White "bradleyguo175"]
[Black "julesraider"]
[Result "0-1"]
[WhiteElo "1606"]
[BlackElo "1661"]
[Opening "King's Indian: orthodox, Aronin-Taimanov, bayonet attack"]
[ECO "E97"]
[Time "13:00:14"]
[TimeControl "2700+45"]

1. d4 Nf6 2. c4 g6 3. Nc3 Bg7 4. e4 d6 5. Be2 O-O 6. Nf3 e5 7. O-O Nc6 8. d5 Ne7
9. b4 Nh5 10. Re1 f5 11. Ng5 Nf6 12. f3 h6 13. Ne6 Bxe6 14. dxe6 Qc8 15. Nd5 Re8
16. Be3 fxe4 17. Nxf6+ Bxf6 18. fxe4 Qxe6 19. Bxh6 Nc6 20. Qd2 Nd4 21. Rf1 Nxe2+
22. Qxe2 Kh7 23. Qe3 Bg7 24. Bg5 Rf8 25. c5 Rxf1+ 26. Rxf1 a5 27. cxd6 cxd6 28.
Qb6 Qd7 29. bxa5 Ra6 30. Qb3 d5 31. Qxd5 Rd6 32. Qf7 Qc6 33. Qf3 Qc5+ 34. Qe3
Qxa5 35. Qh3+ Kg8 36. Qb3+ Kh7 37. Qxb7 Qc5+ 38. Kh1 Qc4 39. Rc1 Qxc1+ 40. Bxc1
Rd1# {White checkmated} 0-1

[Event "Team 45 45 League T71"]
[Site "Internet Chess Club"]
[Date "2016.12.29"]
[Round "3"]
[White "kausika"]
[Black "pokerram"]
[Result "0-1"]
[WhiteElo "1370"]
[BlackElo "1582"]
[Opening "King's Indian: Kazakh variation"]
[ECO "E91"]
[Time "10:00:06"]
[TimeControl "2700+45"]

1. d4 Nf6 2. c4 g6 3. Nc3 Bg7 4. e4 d6 5. Nf3 O-O 6. Be2 Na6 7. O-O e5 8. Bg5 h6
9. dxe5 dxe5 10. Qxd8 Rxd8 11. Bh4 c6 12. h3 Re8 13. Rfd1 g5 14. Bg3 Nh5 15. Kh2
Nxg3 16. Kxg3 Be6 17. Rd2 Rad8 18. Rad1 Rxd2 19. Rxd2 f6 20. a3 Nc7 21. Ne1 f5
22. exf5 Bxf5 23. f3 Ne6 24. Kf2 Nd4 25. Bd3 Nb3 26. Rd1 Be6 27. Nc2 Nc5 28. Bg6
Bf7 29. Bxf7+ Kxf7 30. b4 Nb3 31. Rd7+ Re7 32. Rd1 Nd4 33. Ne3 Ke6 34. g4 Rf7
35. Nf5 Nxf5 36. gxf5+ Rxf5 37. Ne4 Bf8 38. Ke2 Rf7 39. Rd8 Be7 40. Rb8 Bf8 41.
Nc5+ Bxc5 42. bxc5 Kf5 43. Ke3 h5 44. Rh8 h4 45. Rd8 b6 46. cxb6 axb6 47. Rd6
Ra7 48. Rd3 Ra4 49. Rc3 c5 {White resigns} 0-1

[Event "Team 45 45 League T71"]
[Site "Internet Chess Club"]
[Date "2016.12.27"]
[Round "3"]
[White "Insan996"]
[Black "clarinetref"]
[Result "1-0"]
[WhiteElo "1572"]
[BlackElo "1581"]
[Opening "QGD Slav defense: exchange variation"]
[ECO "D10"]
[Time "21:32:38"]
[TimeControl "2700+45"]

1. d4 d5 2. c4 c6 3. cxd5 cxd5 4. Nc3 e6 5. Nf3 Nc6 6. Bf4 a6 7. e3 Nf6 8. Bd3
Be7 9. O-O O-O 10. Rc1 Nh5 11. Be5 Nb4 12. Bb1 Nf6 13. Na4 Bd6 14. Nc5 b6 15.
Nd3 Nxd3 16. Qxd3 Ne4 17. Bxd6 Qxd6 18. Ne5 a5 19. Rfd1 Ba6 20. Qb3 Rac8 21.
Bxe4 dxe4 22. Nc4 Bxc4 23. Rxc4 Rxc4 24. Qxc4 Rb8 25. Rc1 g6 26. Qb5 Kg7 27. h4
h5 28. a3 f5 29. Rc6 Qd5 30. Qxd5 exd5 31. Rd6 Rc8 32. Rxb6 Rc1+ 33. Kh2 Rc2 34.
Kg1 Rc1+ 35. Kh2 Rc2 36. Kg3 Kf7 37. b4 axb4 38. axb4 Rb2 39. b5 Kg7 40. Rb8 Kf7
41. b6 Kg7 42. b7 Kf7 43. f3 Rb3 44. Rh8 {Black resigns} 1-0

[Event "Team 45 45 League T71"]
[Site "Internet Chess Club"]
[Date "2016.12.26"]
[Round "3"]
[White "kutch"]
[Black "Gilguli"]
[Result "0-1"]
[WhiteElo "1465"]
[BlackElo "1395"]
[Opening "QGD: Albin counter-gambit"]
[ECO "D08"]
[Time "14:12:18"]
[TimeControl "2700+45"]

1. d4 d5 2. c4 e5 3. dxe5 d4 4. Nf3 Nc6 5. h3 Nge7 6. e3 Nf5 7. e4 Bb4+ 8. Bd2
Nh4 9. Bxb4 Nxf3+ 10. Qxf3 Nxb4 11. Qd1 Qe7 12. Nd2 d3 13. Nf3 Nc2+ 14. Kd2 Nxa1
15. Qxa1 Qb4+ 16. Kxd3 Be6 17. Qc1 O-O-O+ 18. Kc2 Qa4+ 19. Kb1 Rd1 20. Qxd1
Qxd1# {White checkmated} 0-1

[Event "Team 45 45 League T71"]
[Site "Internet Chess Club"]
[Date "2016.12.21"]
[Round "3"]
[White "bardu"]
[Black "sdcohle"]
[Result "1-0"]
[WhiteElo "1456"]
[BlackElo "1481"]
[Opening "QGD semi-Slav"]
[ECO "D43"]
[Time "18:03:22"]
[TimeControl "2700+45"]

1. d4 d5 2. c4 c6 3. Nf3 Nf6 4. Nc3 e6 5. Bg5 Be7 6. e3 O-O 7. Qc2 Nbd7 8. Rd1
h6 9. Bh4 Re8 10. a3 b6 11. Bd3 dxc4 12. Bxc4 b5 13. Ba2 a6 14. Bb1 Bb7 15. Ne5
Nf8 16. O-O Qc7 17. Bxf6 Bxf6 18. Ng4 Qe7 19. Ne4 Nd7 20. Ng3 Bg5 21. Qh7+ Kf8
22. Qh8# {Black checkmated} 1-0

[Event "Team 45 45 League T71"]
[Site "Internet Chess Club"]
[Date "2016.12.27"]
[Round "3"]
[White "Aquaman"]
[Black "Toalla"]
[Result "1-0"]
[WhiteElo "1319"]
[BlackElo "1179"]
[Opening "English opening"]
[ECO "A16"]
[Time "15:31:09"]
[TimeControl "2700+45"]

1. c4 Nf6 2. Nc3 g6 3. g3 Bg7 4. Bg2 c6 5. Nf3 O-O 6. O-O Re8 7. d4 d5 8. cxd5
Nxd5 9. e4 Nxc3 10. bxc3 e5 11. dxe5 Bxe5 12. Qxd8 Rxd8 13. Nxe5 {Black resigns}
1-0

[Event "Team 45 45 League T71"]
[Site "Internet Chess Club"]
[Date "2016.12.29"]
[Round "3"]
[White "rubo"]
[Black "bmw2002"]
[Result "0-1"]
[WhiteElo "1634"]
[BlackElo "1532"]
[Opening "King's Indian: London system"]
[ECO "A48"]
[Time "21:07:37"]
[TimeControl "2700+45"]

1. d4 Nf6 2. Nf3 g6 3. Bf4 Bg7 4. e3 O-O 5. h3 c5 6. c3 Nc6 7. Bd3 Qb6 8. Qc1 d5
9. Nbd2 Nd7 10. O-O e5 11. dxe5 Ndxe5 12. Bc2 Be6 13. Re1 Rac8 14. Qb1 Rfd8 15.
a3 Nxf3+ 16. Nxf3 d4 17. exd4 cxd4 18. cxd4 Nxd4 19. Nxd4 Qxd4 20. Be3 Qxb2 21.
Be4 Qxa1 22. Qxa1 Bxa1 23. Rxa1 b6 24. Rb1 Rc3 25. a4 Rc4 26. a5 Rxe4 27. axb6
axb6 28. Rxb6 Rxe3 29. fxe3 Rd2 30. Rb8+ Kg7 31. e4 Re2 32. Rb4 Kf6 33. Kf1 Rc2
34. Rb5 Bc4+ {White resigns} 0-1

[Event "Team 45 45 League T71"]
[Site "Internet Chess Club"]
[Date "2016.12.22"]
[Round "3"]
[White "g8wrb"]
[Black "chuckh2"]
[Result "0-1"]
[WhiteElo "1258"]
[BlackElo "1430"]
[Opening "French: Tarrasch, closed variation"]
[ECO "C05"]
[Time "14:08:23"]
[TimeControl "2700+45"]

1. e4 e6 2. d4 d5 3. Nd2 Nf6 4. e5 Nfd7 5. f4 c5 6. c3 b6 7. Bd3 Ba6 8. Ndf3
Bxd3 9. Qxd3 Nc6 10. Ne2 Be7 11. O-O Qc7 12. f5 O-O 13. Ng5 Bxg5 14. Bxg5 cxd4
15. cxd4 f6 16. fxe6 Ndxe5 17. dxe5 fxg5 18. Qxd5 Rfd8 19. Qc4 Kh8 20. e7 Qxe7
21. Qxc6 Qxe5 22. Nc3 Rac8 23. Qf3 Qd4+ 24. Kh1 Qc4 25. Qf7 Qb4 26. Qb3 Qg4 27.
Qa4 Rd4 28. Qxa7 Rd2 29. Qb7 h5 30. Qxb6 Qxg2# {White checkmated} 0-1

[Event "Team 45 45 League T71"]
[Site "Internet Chess Club"]
[Date "2016.12.22"]
[Round "3"]
[White "BrerRabbit"]
[Black "JRussell2"]
[Result "1-0"]
[WhiteElo "1423"]
[BlackElo "1374"]
[Opening "Queen's pawn, Mason variation"]
[ECO "D00"]
[Time "19:00:49"]
[TimeControl "2700+45"]

1. d4 d5 2. Bf4 Nf6 3. e3 e6 4. Nd2 h6 5. Bd3 Bd6 6. Bg3 Bxg3 7. hxg3 Nbd7 8. f4
c5 9. c3 Qb6 10. Rb1 cxd4 11. cxd4 Qa5 12. a3 Ne4 13. Rh3 Ndf6 14. Bxe4 Nxe4 15.
Ke2 e5 16. Nxe4 Bg4+ 17. Nf3 dxe4 18. Rh4 exf3+ 19. gxf3 Be6 20. fxe5 Bc4+ 21.
Kf2 Rc8 22. Rh1 Qb5 23. Qd2 Bb3 24. Rbc1 Ke7 25. Rc3 Qa5 26. Rhc1 Rxc3 27. Qxc3
Qxc3 28. Rxc3 Bd5 29. e4 Bc6 30. d5 Bd7 31. Ke3 Rc8 32. Kd4 Rxc3 33. bxc3 b6 34.
c4 g5 35. c5 bxc5+ 36. Kxc5 h5 37. Kd4 h4 38. gxh4 gxh4 39. Ke3 h3 40. Kf2 Kd8
41. Kg3 Kc7 42. f4 Kb6 43. f5 Ka5 44. Kxh3 Ka4 45. e6 fxe6 46. dxe6 Be8 47. f6
Kxa3 48. f7 {Black resigns} 1-0

[Event "Team 45 45 League T71"]
[Site "Internet Chess Club"]
[Date "2016.12.28"]
[Round "3"]
[White "olivermx"]
[Black "drsigmund1"]
[Result "1-0"]
[WhiteElo "1299"]
[BlackElo "1389"]
[Opening "French: exchange variation"]
[ECO "C01"]
[Time "16:06:30"]
[TimeControl "2700+45"]

1. e4 e6 2. d4 d5 3. exd5 exd5 4. Nf3 Bd6 5. Bb5+ c6 6. Ba4 Bg4 7. Be3 Nf6 8.
Nbd2 O-O 9. O-O Qc7 10. h3 Bh5 11. c3 Ne4 12. Bc2 Bf4 13. Bxe4 Bxe3 14. fxe3
dxe4 15. Nxe4 Re8 16. Qd3 Bg6 17. Ne5 Bxe4 18. Qxe4 f6 19. Rf5 fxe5 20. Raf1 Nd7
21. Rf7 Qd6 22. Qg4 g6 23. Rxd7 Qe6 24. Qxe6+ Rxe6 25. Rff7 exd4 26. Rg7+ Kf8
27. Rdf7+ Ke8 28. exd4 Rd8 29. Rxh7 Rd5 30. Rfg7 Rf5 31. Rxb7 Re1+ 32. Kh2
{Black resigns} 1-0

[Event "Team 45 45 League T71"]
[Site "Internet Chess Club"]
[Date "2016.12.26"]
[Round "3"]
[White "dabodhi"]
[Black "SeniorCitizen"]
[Result "1-0"]
[WhiteElo "1347"]
[BlackElo "1224"]
[Opening "French: Albin-Alekhine-Châtard attack"]
[ECO "C13"]
[Time "14:08:56"]
[TimeControl "2700+45"]

1. e4 e6 2. d4 d5 3. Nc3 Nf6 4. Bg5 Be7 5. e5 Nfd7 6. h4 Bxg5 7. hxg5 Qxg5 8.
Qd3 Qg6 9. Nh3 Qxd3 10. Bxd3 c5 11. Nb5 Kd8 12. Ng5 {Black resigns} 1-0

[Event "Team 45 45 League T71"]
[Site "Internet Chess Club"]
[Date "2016.12.27"]
[Round "3"]
[White "Xbug"]
[Black "oldbookseller"]
[Result "1-0"]
[WhiteElo "1085"]
[BlackElo "982"]
[Opening "Queen's gambit declined"]
[ECO "D30"]
[Time "13:15:54"]
[TimeControl "2700+45"]

1. d4 d5 2. c4 e6 3. Nf3 Nf6 4. Bf4 Nbd7 5. Nc3 dxc4 6. Nb5 Be7 7. Nxc7+ Kf8 8.
Nxa8 b6 9. Nc7 Bb7 10. Nb5 Bc6 11. Nc3 Nd5 12. Nxd5 Bxd5 13. e3 Nf6 14. Be2 b5
15. O-O a6 16. a4 b4 17. Qc2 Qa5 18. Bxc4 g6 19. Bxd5 Nxd5 20. Bh6+ Ke8 21. Qc6+
Kd8 22. Qa8+ Kc7 23. Qxh8 b3 24. Rac1+ Kb6 25. Qb8# {Black checkmated} 1-0

[Event "Team 45 45 League T71"]
[Site "Internet Chess Club"]
[Date "2016.12.28"]
[Round "3"]
[White "Electryon"]
[Black "mongmong"]
[Result "1-0"]
[WhiteElo "1416"]
[BlackElo "1459"]
[Opening "English opening"]
[ECO "A13"]
[Time "21:10:30"]
[TimeControl "2700+45"]

1. c4 e6 2. g3 d5 3. Bg2 dxc4 4. Qc2 Nd7 5. Na3 Bxa3 6. bxa3 Ngf6 7. Qxc4 O-O 8.
Nf3 Nb6 9. Qb3 Bd7 10. Ne5 c6 11. O-O Qe7 12. a4 Qc5 13. Nxd7 Nfxd7 14. Ba3 Qc4
15. Qxc4 Nxc4 16. Bxf8 Kxf8 17. d3 Na5 18. Rab1 Rc8 19. Rfc1 Ne5 20. Rc5 {Black
resigns} 1-0

[Event "Team 45 45 League T71"]
[Site "Internet Chess Club"]
[Date "2016.12.22"]
[Round "3"]
[White "PsyMar"]
[Black "Aquaman"]
[Result "1-0"]
[WhiteElo "1384"]
[BlackElo "1308"]
[Opening "Sicilian: Grand Prix attack"]
[ECO "B23"]
[Time "15:38:38"]
[TimeControl "2700+45"]

1. Nc3 c5 2. e4 Nc6 3. f4 d6 4. Nf3 Bg4 5. Bc4 e6 6. O-O Nge7 7. Ne2 Bxf3 8.
gxf3 d5 9. Bb5 Qb6 10. a4 d4 11. d3 a6 12. Bxc6+ Nxc6 13. f5 exf5 14. Ng3 Ne7
15. b3 Qg6 16. Kh1 Qe6 17. Qe2 g6 18. Bf4 Bg7 19. Rg1 O-O 20. Qd2 Bh8 21. Bh6
Bg7 22. Rae1 Bxh6 23. Qxh6 Qf6 24. Nh5 Qh8 25. e5 Nd5 26. e6 fxe6 27. Rxe6 Rae8
28. Rgxg6+ hxg6 29. Qxg6+ {Black resigns} 1-0

[Event "Team 45 45 League T71"]
[Site "Internet Chess Club"]
[Date "2016.12.26"]
[Round "3"]
[White "artspir"]
[Black "stantheman59"]
[Result "1-0"]
[WhiteElo "1177"]
[BlackElo "1216"]
[Opening "King's Indian: London system"]
[ECO "A48"]
[Time "14:02:56"]
[TimeControl "2700+45"]

1. d4 Nf6 2. Nf3 g6 3. Bf4 Bg7 4. c3 d6 5. h3 Nc6 6. e3 a6 7. Be2 Bf5 8. Nbd2 d5
9. O-O O-O 10. Qb3 Na5 11. Qa4 b6 12. Ne5 Ne4 13. Ndf3 f6 14. Ng4 Bd7 15. Qc2
Bxg4 16. hxg4 Qd7 17. g5 fxg5 18. Nxg5 Nxg5 19. Bxg5 Bf6 20. Bf4 Nc6 21. c4 Bxd4
22. cxd5 Nb4 23. Qb3 Bc5 24. Bc4 b5 25. d6+ bxc4 26. Qxc4+ e6 27. Qxc5 Nd3 28.
Qd4 Nxf4 29. exf4 cxd6 30. Rae1 Rf5 31. Re5 Rxe5 32. fxe5 d5 33. f4 Rc8 34. g4
Rc4 35. Qd3 Qa7+ 36. Kh2 Qd4 37. Qxd4 Rxd4 38. Kh3 Rd2 39. Rb1 Rd3+ 40. Kh4 Kg7
41. b3 Rd4 42. Rf1 Rd2 43. a4 Rb2 44. Rf3 a5 45. Rc3 d4 46. Rc7+ Kh8 47. Rb7 d3
48. Kg5 Rh2 49. Kf6 h5 50. Kxg6 {Black resigns} 1-0

[Event "Team 45 45 League T71"]
[Site "Internet Chess Club"]
[Date "2016.12.26"]
[Round "3"]
[White "chips"]
[Black "RobertBuice"]
[Result "1-0"]
[WhiteElo "1204"]
[BlackElo "1072"]
[Opening "Queen's pawn game"]
[ECO "D04"]
[Time "21:23:24"]
[TimeControl "2700+45"]

1. Nf3 d5 2. d4 Nf6 3. e3 Nc6 4. Nbd2 Bg4 5. Be2 Bxf3 6. Nxf3 e6 7. b3 Bb4+ 8.
Bd2 O-O 9. a3 Bxd2+ 10. Qxd2 Qd6 11. h3 Ne4 12. Qc1 a5 13. O-O a4 14. bxa4 Nc3
15. Re1 Nxa4 16. Bb5 Rfb8 17. c4 Nb6 18. c5 Qe7 19. cxb6 cxb6 20. Bxc6 Rc8 21.
Qb2 Rxc6 22. Qb4 Qxb4 23. axb4 Rxa1 24. Rxa1 h5 25. Ne5 b5 26. Nxc6 bxc6 27. Ra6
f5 28. Rxc6 Kf7 29. Rc5 Kf6 30. Rxb5 e5 31. Rxd5 g5 32. dxe5+ Ke6 33. Rc5 g4 34.
Kf1 gxh3 35. gxh3 h4 36. b5 f4 37. exf4 Kf5 38. Rc4 Kg6 39. b6 Kh5 40. b7 Kg6
41. b8=Q Kf5 42. Qf8+ Ke6 43. Qd6+ Kf5 44. e6 Kf6 45. e7+ Kf5 46. Qe5+ Kg6 47.
e8=Q+ Kh6 48. Q8h8+ Kg6 49. Rc6+ Kf7 50. Qeg7# {Black checkmated} 1-0

[Event "Team 45 45 League T71"]
[Site "Internet Chess Club"]
[Date "2016.12.26"]
[Round "3"]
[White "rkjulianjr"]
[Black "princevultan2"]
[Result "0-1"]
[WhiteElo "1329"]
[BlackElo "1270"]
[Opening "QGD: 3.Nc3"]
[ECO "D31"]
[Time "18:16:14"]
[TimeControl "2700+45"]

1. d4 d5 2. c4 e6 3. Nc3 h6 4. cxd5 exd5 5. Bf4 Nf6 6. e3 Be7 7. Bd3 O-O 8. Nge2
c5 9. b3 Nc6 10. a3 Bg4 11. O-O cxd4 12. Nb1 dxe3 13. f3 Be6 14. Bxe3 Rc8 15.
Nd4 Qb6 16. Nc2 Qa6 17. Bxa6 bxa6 18. Nd4 Bc5 19. Kh1 Rfe8 20. Re1 Bd7 21. b4
Bxd4 22. Qd2 Bxa1 23. Qf2 Bd4 24. Bxd4 Nxd4 25. Rxe8+ Rxe8 26. h3 Nc6 27. Nc3 d4
28. Ne2 d3 29. Nf4 Bf5 30. Qd2 Rd8 31. g4 Bh7 32. Kg2 g5 33. Nh5 Nxh5 34. gxh5
Re8 35. Kg3 Re2 36. Qc3 d2 37. Qxc6 d1=Q 38. Qc8+ Kg7 39. Qc3+ f6 40. Qc7+ Kf8
41. Qc5+ Re7 42. Qc8+ Kf7 43. Qc4+ Kg7 44. Qc5 Qe1+ 45. Kg4 Qh4# {White
checkmated} 0-1

[Event "Team 45 45 League T71"]
[Site "Internet Chess Club"]
[Date "2016.12.23"]
[Round "3"]
[White "carey69"]
[Black "Toalla"]
[Result "1-0"]
[WhiteElo "1011"]
[BlackElo "1129"]
[Opening "Sicilian: closed, 2...Nc6"]
[ECO "B23"]
[Time "18:00:56"]
[TimeControl "2700+45"]

1. e4 c5 2. Nc3 Nc6 3. Bb5 Nd4 4. Bc4 e6 5. Nf3 Be7 6. O-O a6 7. d3 b5 8. Bb3
Nc6 9. Bf4 d6 10. e5 d5 11. a4 b4 12. Ne2 Bd7 13. Qc1 h6 14. d4 c4 15. Ba2 g5
16. Be3 Rc8 17. Qd1 Na5 18. b3 cxb3 19. cxb3 f5 20. exf6 Nxf6 21. Ne5 Rg8 22.
Bb1 Ne4 23. Bxe4 dxe4 24. Nf4 Bf8 25. Qh5+ Ke7 26. Qf7+ Kd6 27. Qxg8 Nxb3 28.
Nf7+ {Black resigns} 1-0

[Event "Team 45 45 League T71"]
[Site "Internet Chess Club"]
[Date "2016.12.29"]
[Round "3"]
[White "tasawyer81"]
[Black "vedv"]
[Result "1-0"]
[WhiteElo "1169"]
[BlackElo "957"]
[Opening "QGA: 3.e4"]
[ECO "D20"]
[Time "16:18:42"]
[TimeControl "2700+45"]

1. d4 d5 2. c4 dxc4 3. e4 Nf6 4. Nc3 b5 5. Nf3 a6 6. e5 Ng4 7. h3 Nh6 8. Bg5 f6
9. Bh4 Nc6 10. d5 Nb4 11. Bxc4 bxc4 12. Qa4+ Bd7 13. Qxb4 Rb8 14. Qxc4 Rxb2 15.
O-O Bb5 16. Nxb5 Rxb5 17. Qc6+ Qd7 18. Qxd7+ Kxd7 19. e6+ Ke8 20. Rfd1 Nf5 21.
Rac1 Kd8 22. Rc6 Rb6 23. Rxb6 cxb6 24. Bg3 Nxg3 25. fxg3 g6 26. Nd4 Bg7 27. Nc6+
Ke8 28. d6 exd6 29. Rxd6 f5 30. Rd8# {Black checkmated} 1-0

[Event "Team 45 45 League T71"]
[Site "Internet Chess Club"]
[Date "2017.01.02"]
[Round "3"]
[White "Rbug"]
[Black "WzeroMN"]
[Result "1/2-1/2"]
[WhiteElo "1081"]
[BlackElo "1159"]
[Opening "two knights defense: Fegatello attack"]
[ECO "C57"]
[Time "14:17:06"]
[TimeControl "2700+45"]

1. e4 e5 2. Nf3 Nc6 3. Bc4 Nf6 4. Ng5 d5 5. exd5 Nxd5 6. Nxf7 Kxf7 7. Qf3+ Qf6
8. Bxd5+ Be6 9. Bxc6 Qxf3 10. Bxf3 Rb8 11. Nc3 Bc5 12. O-O Rhe8 13. d3 Kg8 14.
Bd5 Bxd5 15. Nxd5 c6 16. Nc3 b5 17. Ne4 Bb6 18. Nd6 Red8 19. Ne4 Rd5 20. Re1 Rf8
21. c4 bxc4 22. dxc4 Rd4 23. c5 Ba5 24. Bd2 Bxd2 25. Nxd2 Rxd2 26. f3 Rxb2 27.
Rxe5 Rd2 28. Re7 a5 29. Ra7 Re8 30. Rxa5 Ree2 31. Ra8+ Kf7 32. Ra7+ Kg6 33. Rc7
Rxg2+ 34. Kf1 Rxh2 35. Rxc6+ Kf5 36. Kg1 Rdg2+ 37. Kf1 Rf2+ 38. Kg1 Rfg2+ 39.
Kf1 Rf2+ 40. Kg1 Rfg2+ {Game drawn by repetition} 1/2-1/2

[Event "Team 45 45 League T71"]
[Site "Internet Chess Club"]
[Date "2017.01.02"]
[Round "3"]
[White "Agarnez"]
[Black "Percival"]
[Result "1/2-1/2"]
[WhiteElo "1990"]
[BlackElo "2097"]
[Opening "QGD Slav: Carlsbad variation"]
[ECO "D17"]
[Time "06:03:56"]
[TimeControl "2700+45"]

1. d4 d5 2. c4 c6 3. Nf3 Nf6 4. Nc3 dxc4 5. a4 Bf5 6. Ne5 Nbd7 7. Nxc4 Qc7 8. g3
e5 9. dxe5 Nxe5 10. Bf4 Rd8 11. Qc1 Bd6 12. Nxd6+ Qxd6 13. Bg2 Qe7 14. O-O a5
15. Rd1 Rxd1+ 16. Qxd1 O-O 17. Qd4 Ng6 18. Bg5 Rd8 19. Qb6 Ra8 20. Rd1 h6 21.
Bxf6 gxf6 22. Rd4 Ra6 23. Rd8+ Kg7 24. Qd4 Qb4 25. Qd2 Rb6 26. Ra8 Qe7 27. Rxa5
Ne5 28. Ra8 Qd7 29. Qxd7 Bxd7 30. Nd1 Nc4 31. a5 Rb5 32. a6 bxa6 33. Rxa6 Nxb2
34. Nxb2 Rxb2 35. Bxc6 Bxc6 36. Rxc6 Rxe2 {Game drawn by mutual agreement}
1/2-1/2

[Event "Team 45 45 League T71"]
[Site "Internet Chess Club"]
[Date "2016.12.26"]
[Round "3"]
[White "LinceHispano44"]
[Black "roji"]
[Result "0-1"]
[WhiteElo "1798"]
[BlackElo "1918"]
[Opening "QGD Slav: exchange variation"]
[ECO "D13"]
[Time "16:00:26"]
[TimeControl "2700+45"]

1. Nf3 d5 2. d4 Nf6 3. c4 c6 4. cxd5 cxd5 5. Nc3 Nc6 6. Bf4 e6 7. e3 Bd6 8. Bxd6
Qxd6 9. Bd3 a6 10. Rc1 O-O 11. O-O b5 12. a3 g6 13. b4 Nd7 14. Qb3 Nb6 15. Rfe1
Bb7 16. Bf1 Nc4 17. Rb1 e5 18. dxe5 N6xe5 19. Red1 Nxf3+ 20. gxf3 Qe5 21. Rd4
Nxe3 22. Ne2 Nxf1 23. Rxf1 Qxe2 {White resigns} 0-1

[Event "Team 45 45 League T71"]
[Site "Internet Chess Club"]
[Date "2016.12.29"]
[Round "3"]
[White "ChessRooklift"]
[Black "Rhel"]
[Result "1-0"]
[WhiteElo "1784"]
[BlackElo "1714"]
[Opening "Queen's bishop game"]
[ECO "D02"]
[Time "17:00:37"]
[TimeControl "2700+45"]

1. d4 Nf6 2. Nf3 d5 3. Bf4 c5 4. e3 e6 5. Be2 Be7 6. O-O O-O 7. dxc5 Bxc5 8.
Nbd2 Nc6 9. Nb3 Be7 10. c4 dxc4 11. Bxc4 Bd7 12. Qe2 Na5 13. Nxa5 Qxa5 14. a3
Rac8 15. Rac1 Rfd8 16. Rfd1 Bc6 17. Ne5 Bd5 18. h3 Rxc4 19. Nxc4 Qa6 20. Qf1
Bxc4 21. Rxd8+ Bxd8 {Black resigns} 1-0

[Event "Team 45 45 League T71"]
[Site "Internet Chess Club"]
[Date "2016.12.24"]
[Round "3"]
[White "KidRattler"]
[Black "justice02"]
[Result "1-0"]
[WhiteElo "1599"]
[BlackElo "1691"]
[Opening "French: exchange variation"]
[ECO "C01"]
[Time "10:04:20"]
[TimeControl "2700+45"]

1. e4 e6 2. d4 d5 3. exd5 exd5 4. Nc3 Bf5 5. Bd3 Ne7 6. Bf4 Nbc6 7. Nge2 Bxd3 8.
Qxd3 Ng6 9. O-O-O Nxf4 10. Nxf4 Qd6 11. Rde1+ Be7 12. Nfxd5 O-O-O 13. Qf5+ Kb8
14. Nxe7 Nxe7 15. Qxf7 Nc6 16. Nb5 Qd7 17. Qxd7 Rxd7 18. c3 Rf8 19. f3 a6 20.
Na3 b5 21. Re6 Kb7 22. Nc2 Rf4 23. Rd1 g5 24. Ne1 Rf5 25. Nd3 Re7 26. Rxe7 Nxe7
27. Nc5+ Ka7 28. Re1 Nd5 29. Re6 Kb8 30. Nxa6+ Kc8 31. Kd2 Nf4 32. Re5 Rf6 33.
Nb4 Nxg2 34. Rxg5 Nh4 35. Rxb5 Nxf3+ 36. Kd3 Nxh2 37. Rh5 Rf2 38. b3 Ng4 39.
Rxh7 Rf3+ 40. Kc4 Ne3+ 41. Kc5 Rf5+ 42. d5 Nd1 43. c4 Nc3 44. Nc6 Ne4+ 45. Kd4
Rf4 46. Ke5 {Black resigns} 1-0

[Event "Team 45 45 League T71"]
[Site "Internet Chess Club"]
[Date "2016.12.27"]
[Round "3"]
[White "alexping"]
[Black "vael"]
[Result "0-1"]
[WhiteElo "1940"]
[BlackElo "1955"]
[Opening "Torre attack (Tartakower variation)"]
[ECO "D03"]
[Time "12:00:59"]
[TimeControl "2700+45"]

1. d4 d5 2. Nf3 Nf6 3. Bg5 e6 4. e3 Be7 5. Bd3 c5 6. c3 Nbd7 7. O-O h6 8. Bxf6
Bxf6 9. Nbd2 O-O 10. Re1 b6 11. b4 Bb7 12. Rb1 c4 13. Bf1 b5 14. Qc2 a5 15. a3
Qc7 16. g3 Nb6 17. Bg2 Ra7 18. e4 Rfa8 19. exd5 Bxd5 20. Ne4 Nd7 21. h3 Qb7 22.
Nfd2 axb4 23. axb4 Ra2 24. Rb2 Ra1 25. Rxa1 Rxa1+ 26. Rb1 Qa8 27. f3 Qa4 28.
Qxa4 Rxa4 29. Rb2 Bxe4 30. fxe4 Bxd4+ 31. cxd4 c3 32. Rc2 cxd2 33. Rxd2 Rxb4 34.
Kf2 Kf8 35. g4 Ke7 36. e5 Nb6 37. Bc6 g5 38. Ra2 Rxd4 39. Ra7+ Kf8 40. Rb7 Nd5
41. Rxb5 Nf4 42. Rb8+ Kg7 43. Be8 Nxh3+ 44. Kg3 Rd3+ 45. Kh2 Nf2 46. Rb4 Rd5 47.
Kg3 Nd3 48. Rb7 Nxe5 49. Ra7 Kf8 50. Ba4 Rd3+ 51. Kg2 Nxg4 52. Ra8+ Kg7 53. Be8
Ne5 54. Ra5 Kf6 55. Ra7 h5 56. Ra2 g4 57. Ra4 h4 58. Rf4+ Kg5 59. Re4 Kf5 60.
Ra4 Rg3+ 61. Kf1 h3 62. Ra2 Rf3+ 63. Kg1 g3 64. Bb5 Re3 65. Be2 Nf3+ {White
resigns} 0-1

[Event "Team 45 45 League T71"]
[Site "Internet Chess Club"]
[Date "2016.12.26"]
[Round "3"]
[White "passedpawn"]
[Black "bobhill"]
[Result "1-0"]
[WhiteElo "1860"]
[BlackElo "1852"]
[Opening "Queen's bishop game"]
[ECO "D02"]
[Time "19:01:16"]
[TimeControl "2700+45"]

1. d4 d5 2. Nf3 Nf6 3. Bf4 g6 4. h3 Bg7 5. e3 O-O 6. Bd3 c5 7. c3 Nc6 8. Nbd2
Qb6 9. Rb1 Qa5 10. a3 Re8 11. O-O Bd7 12. Nb3 Qb6 13. Nxc5 e5 14. Nxe5 Nxe5 15.
Bxe5 Bc6 16. Bh2 Qd8 17. Re1 b6 18. Nb3 h5 19. Nd2 Nd7 20. e4 Bh6 21. exd5 Bxd5
22. Ne4 f5 23. Nd6 Qg5 24. Bf1 Rxe1 25. Qxe1 Rf8 26. c4 Bf3 27. Qe6+ Kh8 28.
Qxd7 Kg8 29. Qe6+ Kh7 30. Nf7 Qh4 31. Nxh6 Be4 32. Re1 Kxh6 33. Qd6 Kg7 34. Qe5+
Kg8 35. Bg3 Qg5 36. Qf4 Qd8 37. Qd6 f4 38. Qxd8 Rxd8 39. Rxe4 fxg3 40. fxg3 Kg7
41. Be2 Kf6 42. Kf2 Kf5 43. Re5+ Kf6 44. Ke3 a5 45. Bf3 Rc8 46. Kd3 Rh8 47. Rb5
Re8 48. Rxb6+ Kg7 49. Rb5 Re6 50. Rxa5 Kh6 51. Rc5 Rb6 52. b4 Ra6 53. Ra5 Rf6
54. b5 Re6 55. c5 Re1 56. b6 Rb1 57. b7 g5 58. Ra6+ Kg7 59. Rb6 Ra1 60. b8=Q
Rxa3+ 61. Ke4 {Black resigns} 1-0

[Event "Team 45 45 League T71"]
[Site "Internet Chess Club"]
[Date "2016.12.27"]
[Round "3"]
[White "Beetlejuice"]
[Black "backrankbrawler"]
[Result "1-0"]
[WhiteElo "1767"]
[BlackElo "1722"]
[Opening "Queen's pawn game"]
[ECO "D05"]
[Time "13:33:48"]
[TimeControl "2700+45"]

1. d4 Nf6 2. Nf3 e6 3. e3 d5 4. Bd3 Bd6 5. O-O O-O 6. c3 Ne4 7. Nbd2 f5 8. Re1
Nd7 9. Nf1 b6 10. N3d2 c5 11. Bc2 Ba6 12. f3 Nef6 13. b3 g5 14. Ba3 g4 15. e4 f4
16. e5 gxf3 17. Nxf3 Bxe5 18. Nxe5 Bxf1 19. Kxf1 Rc8 20. Nxd7 Qxd7 21. dxc5 bxc5
22. Qe2 Rc6 23. Kg1 Rf7 24. Rad1 Rg7 25. Qe5 Ng4 26. Qxf4 Rc8 27. Rf1 d4 28. Rf3
e5 29. Qe4 Qe6 30. Bd3 Qh6 31. Rh3 Qxh3 32. gxh3 Nf6+ 33. Qg2 e4 34. Bc4+ Kh8
35. cxd4 cxd4 36. Bb2 Rxg2+ 37. Kxg2 Kg7 38. Rxd4 Kg6 39. Rd6 Rf8 40. Kf2 Kf5
41. Rxf6+ Rxf6 42. Bxf6 Kxf6 43. Ke3 {Black resigns} 1-0